 Dungeon Crawl Stone Soup version 0.17-a0-1954-g0dddeaa (webtiles) character file.

471 achirane the Ruffian (level 6, -6/54 HPs)
             Began as a Troll Transmuter on Oct 3, 2015.
             Was an Initiate of Okawaru.
             Mangled by Prince Ribbit (15 damage)
             ... on level 5 of the Dungeon.
             The game lasted 00:16:52 (1772 turns).

achirane the Ruffian (Troll Transmuter)             Turns: 1772, Time: 00:16:52

Health: -6/54      AC:  5    Str: 21    XL:     6   Next: 83%
Magic:  6/6        EV:  9    Int:  9    God:    Okawaru [......]
Gold:   107        SH:  0    Dex: 10    Spells: 2 memorised, 2 levels left

rFire  . . .     SeeInvis .       - Unarmed
rCold  . . .     Clarity  .     b - +0 robe
rNeg   . . .     SustAt   +     (no shield)
rPois  .         Gourm    +     (helmet restricted)
rElec  .         Spirit   .     (no cloak)
rCorr  .         Warding  .     (gloves unavailable)
rMut   .         Stasis   .     (boots unavailable)
MR     .....                    (no amulet)
Stlth  +.........               (no ring)
                                l - ring of sustain attributes

@: about to teleport, very slightly contaminated, hasted, glowing, very quick,
not resistant to hostile enchantments, very unstealthy
A: unfitting armour, claws 3, fast metabolism 3, gourmand, regeneration 2,
shaggy fur 1, tough skin 2
a: Renounce Religion


You were on level 5 of the Dungeon.
You worshipped Okawaru.
Okawaru was noncommittal.
You were not hungry.

You visited 2 branches of the dungeon, and saw 6 of its levels.

You collected 107 gold pieces.

Inventory:

Missiles
 a - 38 arrows
 e - 8 poisoned needles
 q - a tomahawk (quivered)
Armour
 b - a +0 robe (worn)
Jewellery
 l - a ring of sustain attributes (left claw)
   (You found it on level 1 of the Dungeon)
Magical devices
 v - a wand of invisibility (3)
   (You found it on level 5 of the Dungeon)
Scrolls
 g - a scroll of fear {unknown}
 i - 2 scrolls of remove curse
 j - 2 scrolls of amnesia
 t - a scroll of enchant armour {unknown}
Potions
 h - a potion of curing
 m - 2 potions of flight
 n - a potion of poison {!q}
 o - 2 potions of brilliance
 r - a potion of heal wounds
Books
 c - a book of Changes
Comestibles
 d - 4 bread rations {@e1}
 f - a slice of pizza
 k - a fruit
 u - a meat ration {@e2}


   Skills:
 - Level 0.7 Fighting
 - Level 1.5 Dodging
 + Level 5.4 Unarmed Combat
 - Level 1.2 Spellcasting
 + Level 3.7 Transmutations
 + Level 2.1 Ice Magic


You had 2 spell levels left.
You knew the following spells:

 Your Spells              Type           Power        Failure   Level  Hunger
a - Beastly Appendage     Trmt           #.....       10%         1    ##.....
b - Ice Form              Ice/Trmt       #.......     93%         4    #####..


Dungeon Overview and Level Annotations

Branches:
Dungeon (5/15)             Temple (1/1) D:5

Altars:
Ashenzari
Cheibriados
Dithmenos
Kikubaaqudgha
Nemelex Xobeh
Okawaru
Qazlal
Ru
Sif Muna
Trog
Vehumet
Yredelemnul
Zin
The Shining One

Annotations:
D:5 HungrySpirit's ghost, experienced OgAM; Prince Ribbit


Innate Abilities, Weirdness & Mutations

You are too large for most types of armour.
You have claws for hands.
Your metabolism is lightning-fast.
You like to eat raw meat.
You heal very quickly.
You are covered in fur (AC +1).
You have very tough skin (AC +2).


Message History

k - a fruit The giant newt bites you but does no damage.
A sky beast appears from thin air!
Reactivating autopickup.
You see here a scroll labeled ODUETO GA COLL.
i - 3 scrolls labeled ODUETO GA COLL (gained 1)
The giant newt closely misses you.
The sky beast flickers out of sight!
Deactivating autopickup; reactivate with Ctrl-A.
A sky beast appears from thin air!
Reactivating autopickup.
There is a stone staircase leading up here.
The giant newt bites you but does no damage.
You climb upwards.
There is a stone staircase leading down here.
You barely miss the giant newt. The giant newt barely misses you.
You scratch the giant newt.
You kill the giant newt!
Okawaru accepts your kill.
You see here a rapier.
HP restored.
There is a stone staircase leading down here.
Health restored: 54 You climb downwards.
Level annotation: HungrySpirit's ghost, experienced OgAM; Prince Ribbit Prince Ribbit croaks.
Prince Ribbit hits you! Prince Ribbit hits you.
There is a stone staircase leading up, spattered with blood here.
You take 19 damage, and have 35/54 hp.
MASSIVE DAMAGE!!
Evoke which item? (* to show all) (? for menu, Esc to quit)
Okay, then.
Press: ? - help, v - describe, . - travel
Here: Prince Ribbit The floor.
Evoke which item? (* to show all) (? for menu, Esc to quit)
Zapping:
v - a wand of invisibility (will waste charges)
Press: ? - help, Shift-Dir - straight line, f - you You fade into invisibility!
You are very lightly contaminated with residual magic.
Evoking this partially-identified wand wasted a few charges.
Prince Ribbit closely misses you.
You claw Prince Ribbit!
Prince Ribbit is lightly wounded.
Prince Ribbit barely misses you.
You catch the helpless Prince Ribbit completely off-guard!
You scratch Prince Ribbit.
Prince Ribbit is moderately wounded.
Prince Ribbit barely misses you.
Prince Ribbit blinks!
You closely miss Prince Ribbit.
Prince Ribbit is moderately wounded.
Prince Ribbit hits you! x2
* * * LOW HITPOINT WARNING * * *
You take 22 damage, and have 16/54 hp.
MASSIVE DAMAGE!!
Prince Ribbit barely misses you.
You flicker for a moment.
Prince Ribbit blinks!
There is an open door here.
You flicker back into view.
You close the door.
HungrySpirit's ghost turns its malevolent gaze towards you.
Press: ? - help, v - describe, . - travel
Here: HungrySpirit's ghost The floor.
Unknown command.
Unknown command.
HungrySpirit's ghost gestures at you while chanting.
You are outlined in light.
You open the door. Prince Ribbit hits you.
You take 3 damage, and have 29/54 hp.
Drink which item? (? for menu, Esc to quit)
Okay, then.
Unknown command.
Read which item? (? for menu, Esc to quit)
As you read the scroll labeled ODUETO GA COLL, it crumbles to dust.
You feel blessed for a moment.
It was a scroll of remove curse.
Prince Ribbit hits you.
You take 6 damage, and have 23/54 hp.
Read which item? (? for menu, Esc to quit)
As you read the scroll labeled WURCHO XUBLURCH, it crumbles to dust.
Forget which spell ([?*] list [ESC] exit)?
Forget which spell ([?*] list [ESC] exit)?
You don't know that spell.
Forget which spell ([?*] list [ESC] exit)?
Forget which spell ([?*] list [ESC] exit)?
You don't know that spell.
Forget which spell ([?*] list [ESC] exit)?
Okay, then.
It was a scroll of amnesia.
Prince Ribbit hits you but does no damage.
Prince Ribbit hits you.
You take 5 damage, and have 18/54 hp.
Unknown command.
Read which item? (? for menu, Esc to quit)
As you read the scroll labeled NOLIUC ZYS, it crumbles to dust.
You feel strangely unstable.
It was a scroll of teleportation.
Prince Ribbit closely misses you. HungrySpirit's ghost hits you!
* * * LOW HITPOINT WARNING * * *
You take 10 damage, and have 8/54 hp.
Drink which item? (? for menu, Esc to quit)
It was a potion of haste.
You feel yourself speed up. Prince Ribbit hits you!
You die...

####....<...####....#W.....#.#..
#...........#######.#.#.####.###
#.########....# #.#.# #.# #.F..#
#####W#.# #.# #...># #.W...#.#
#.# #....# #.#####.# #.. #....#
#.# ### #....###.# #....F@W.#
#....##### #...... #.......
........... #.##........ ..
......... .....


You could see Prince Ribbit and HungrySpirit's ghost.

Vanquished Creatures
  A centaur (D:4)
  A scorpion (D:4)
  A crimson imp (D:5)
  2 hounds (D:4)
  A jelly (D:5)
  An iguana (D:5)
  Natasha (D:3)
  A worker ant (D:4)
  7 gnolls
  An adder (D:2)
  2 oozes
  A worm (D:4)
  2 giant geckos
  An orc (D:4)
  3 ball pythons
  5 hobgoblins
  11 jackals
  A kobold (D:1)
  A quokka (D:2)
  7 bats
  A giant cockroach (D:3)
  2 giant newts
  5 goblins
  A jackal zombie (D:4)
  2 rats
62 creatures vanquished.

Notes
Turn   | Place    | Note
--------------------------------------------------------------
     0 | D:1      | achirane the Troll Transmuter began the quest for the Orb.
     0 | D:1      | Reached XP level 1. HP: 18/18 MP: 1/1
   116 | D:1      | Reached XP level 2. HP: 23/26 MP: 2/2
   170 | D:1      | Reached skill level 2 in Transmutations
   259 | D:1      | Reached XP level 3. HP: 27/32 MP: 3/3
   296 | D:2      | You fall through a shaft for 2 floors!
   377 | D:3      | Found a glowing golden altar of the Shining One.
   575 | D:4      | Noticed a centaur
   585 | D:3      | Reached skill level 4 in Unarmed Combat
   793 | D:3      | Noticed Natasha
   800 | D:3      | Killed Natasha
   800 | D:3      | Reached XP level 4. HP: 21/40 MP: 4/4
   809 | D:3      | Learned a level 4 spell: Ice Form
   853 | D:4      | Reached XP level 5. HP: 39/46 MP: 5/5
   929 | D:4      | Reached skill level 1 in Ice Magic
  1012 | D:4      | Found a deep blue altar of Sif Muna.
  1074 | D:4      | Reached skill level 3 in Transmutations
  1094 | D:5      | Entered Level 5 of the Dungeon
  1180 | D:4      | Reached XP level 6. HP: 54/54 MP: 6/6
  1208 | D:4      | Killed a centaur
  1208 | D:4      | Reached skill level 5 in Unarmed Combat
  1452 | D:5      | Reached skill level 2 in Ice Magic
  1476 | D:5      | Noticed HungrySpirit's ghost (experienced OgAM)
  1479 | D:5      | Noticed Prince Ribbit
  1522 | D:5      | Found a staircase to the Ecumenical Temple.
  1530 | Temple   | Entered the Ecumenical Temple
  1552 | Temple   | Became a worshipper of Warmaster Okawaru
  1591 | D:5      | Noticed a sky beast
  1612 | D:5      | HP: 10/54 [something (5)]
  1617 | D:5      | HP: 11/54 [sky beast (2)]
  1771 | D:5      | HP: 8/54 [HungrySpirit's ghost (10)]
  1772 | D:5      | Mangled by Prince Ribbit

Vault maps used:
D:1:      mrwooster_arrival_statue_2
D:3:      lemuel_round_altar, uniq_natasha, uniq_crazy_yiuf_cottage
D:4:      led_sif_book
D:5:      minmay_temple_entry_statues, first_bread, kennysheep_generic_room_13,
          uniq_prince_ribbit1
Temple:   temple_eino_lava_12

Action                   |  1- 3 |  4- 6 || total
-------------------------+-------+-------++-------
Melee: Unarmed           |    95 |   103 ||   198
Throw: Tomahawk          |       |     4 ||     4
Evoke: Wand              |       |     1 ||     1
  Use: Scroll            |       |     7 ||     7
       Potion            |       |     2 ||     2
 Stab: Sleeping          |     1 |       ||     1
       Invisible         |       |     1 ||     1
  Eat: Chunk             |     7 |     7 ||    14

Vault maps used:
D:1:      mrwooster_arrival_statue_2
D:3:      lemuel_round_altar, uniq_natasha, uniq_crazy_yiuf_cottage
D:4:      led_sif_book
D:5:      minmay_temple_entry_statues, first_bread, kennysheep_generic_room_13,
          uniq_prince_ribbit1
Temple:   temple_eino_lava_12

Table legend:
 A = Turns spent in this place as a percentage of turns spent in the entire game.
 B = Non-inter-level travel turns spent in this place as a percentage of non-inter-level travel turns spent in the entire game.
 C = Inter-level travel turns spent in this place as a percentage of turns spent in this place.
 D = Turns resting spent in this place as a percentage of non-inter-level travel turns spent in this place.
 E = Turns spent auto-exploring this place as a percentage of non-inter-level travel turns spent in this place.
 F = Non-inter-level travel turns spent in this place divided by the number of levels of this place that you've seen.
                   A       B       C       D       E      F
               +-------+-------+-------+-------+-------+----------------------
         Total | 100.0 | 100.0 |   0.3 |   0.0 |   0.5 | 241.0
       Dungeon |  97.7 |  97.7 |   0.3 |   0.0 |   0.5 | 282.6
        Temple |   2.3 |   2.3 |   0.0 |   0.0 |   0.0 |  33.0
               +-------+-------+-------+-------+-------+----------------------

Table legend:
 A = Kills in this place as a percentage of kills in entire the game.
 B = Kills by you in this place as a percentage of kills by you in the entire game.
 C = Kills by friends in this place as a percentage of kills by friends in the entire game.
 D = Other kills in this place as a percentage of other kills in the entire game.
 E = Experience gained in this place as a percentage of experience gained in the entire game.
 F = Experience gained in this place divided by the number of levels of this place that you have seen.
                   A       B       C       D       E      F
               +-------+-------+-------+-------+-------+----------------------
         Total | 100.0 | 100.0 |  -nan |  -nan | 100.0 | 112.2
       Dungeon | 100.0 | 100.0 |  -nan |  -nan | 100.0 | 134.6
               +-------+-------+-------+-------+-------+----------------------
